 Dungeon Crawl Stone Soup version 0.16-a0-3394-g83d1dde (console) character file.

2016 MarvinPA the Insei (level 9, -3/56 HPs)
             Began as an Octopode Transmuter on Dec 30, 2014.
             Was a Believer of Ru.
             Slain by a hill giant
             ... wielding a +0 giant spiked club
             ... summoned by a shadow trap
             ... triggered by the player character
              (34 damage)
             ... on level 7 of the Dungeon.
             The game lasted 00:31:05 (7937 turns).

MarvinPA the Insei (Octopode Transmuter)            Turns: 7937, Time: 00:31:05

Health: -3/56      AC:  1    Str: 10    XL:     9   Next: 23%
Magic:  21/21      EV: 14    Int: 18    God:    Ru [**....]
Gold:   370        SH:  0    Dex: 12    Spells: 4 memorised, 5 levels left

rFire  . . .     SeeInvis .       - Unarmed
rCold  . . .     Clarity  .     (no shield)
rNeg   . . .     SustAb   .     (helmet restricted)
rPois  .         Gourm    .     (no amulet)
rElec  .         Spirit   .     (no ring)
rCorr  .         Warding  .     (no ring)
rMut   .         Stasis   .     (no ring)
MR     .....                    (no ring)
Stlth  ++........               (no ring)
                                (no ring)
                                (no ring)
                                (no ring)

@: hasted, very quick, not resistant to hostile enchantments, unstealthy
A: almost no armour, amphibious, 8 rings, constrict 8, camouflage 1, gelatinous
body 1, hated by all, magic vulnerability 1
a: Renounce Religion


You were on level 7 of the Dungeon.
You worshipped Ru.
Ru was pleased with you.
You were not hungry.

You visited 2 branches of the dungeon, and saw 8 of its levels.

You collected 370 gold pieces.


Innate Abilities, Weirdness & Mutations

You cannot wear most types of armour.
You are amphibious.
You can wear up to eight rings at the same time.
You can use your tentacles to constrict many enemies at once.
Your skin changes colour to match your surroundings (Stealth).
Your rubbery body absorbs attacks (AC +1).
You are hated by all.
You are slightly vulnerable to magic.


   Skills:
 + Level 3.1 Fighting
 - Level 5.0 Dodging
 + Level 6.9 Unarmed Combat
 - Level 5.2 Spellcasting
 - Level 6.4 Transmutations
 - Level 1.3 Poison Magic


You had 5 spell levels left.
You knew the following spells:

 Your Spells              Type           Power        Failure   Level  Hunger
c - Ice Form              Ice/Trmt       ###.....     34%         4    ####...
v - Blade Hands           Trmt           ####......   28%         5    ######.
x - Spider Form           Trmt/Pois      ###.......   10%         3    ##.....
z - Beastly Appendage     Trmt           ####..       1%          1    None

Inventory:

Missiles
 t - 7 tomahawks (quivered)
Magical devices
 b - a wand of frost (6)
Scrolls
 e - a scroll of identify
 h - a scroll of recharging
 m - a scroll of enchant armour
 v - a scroll of amnesia
Potions
 c - a potion of cure mutation
 g - a potion of beneficial mutation
 i - a potion of heal wounds
 n - 3 potions of cancellation
 o - a potion of lignification {!q}
 p - 5 potions of curing
 q - 3 potions of might
 r - a potion of magic
 s - a potion of restore abilities
Books
 d - a book of Changes
Comestibles
 a - 8 bread rations
 f - 4 beef jerkies
 k - 3 meat rations
 l - a slice of pizza
 u - 2 chunks of flesh {@w1}

Dungeon Overview and Level Annotations

Branches:
Dungeon (7/15)             Temple (1/1) D:5

Altars:
Cheibriados
Makhleb
Okawaru
Ru
Trog
Vehumet
Xom
The Shining One

#..## #...# #...# ####
#...# ##..## #...# #....#
#...# #..r.#
#.<################.^###
#....#..#..r.#.#..##...#.
#....'..xC.#......)).....
#....#.....+....#....)...
#....#....##...##()......
#...##....##...##........
#...#####'##.............
#...##.........##.....##.
#...##....##...##.....# .
#....#....##...##.....+ .
#..........+.....#


You could see a hill giant and a rat.


Message History

You butcher the orc corpse.
u - 3 chunks of flesh {@w1} (gained 2)
Things that are here:
a club; a leather armour Eating one of 3 chunks of flesh {@w1}.
You now have 370 gold pieces (gained 12).
Shadows whirl around you...
A crimson imp comes into view.
There is a shadow trap here.
Read which item? (? for menu, Esc to quit)
Okay, then.
The hill giant hits you with a giant spiked club!!
* * * LOW HITPOINT WARNING * * *
The crimson imp begins to attack, but is stunned by your will!
Things that are here:
a club; a leather armour You see here a whip.
The crimson imp blinks!
Cast which spell?
Okay, then.
Drink which item? (? for menu, Esc to quit)
Okay, then.
Unknown command.
Drink which item? (? for menu, Esc to quit)
Okay, then.
Drink which item? (? for menu, Esc to quit)
You feel yourself speed up.
The hill giant hits you with a giant spiked club!!
Ouch! That really hurt!
You die...

Action                   |  1- 3 |  4- 6 |  7- 9 || total
-------------------------+-------+-------+-------++-------
Melee: Unarmed           |    74 |   155 |   245 ||   474
Throw: Tomahawk          |       |       |     6 ||     6
 Cast: Beastly Appendage |     8 |       |       ||     8
       Sticks to Snakes  |     3 |     3 |       ||     6
       Spider Form       |     4 |    19 |    24 ||    47
       Ice Form          |       |       |     1 ||     1
Invok: Sacrifice Love    |       |     1 |       ||     1
       Sacrifice Essence |       |       |     1 ||     1
 Abil: End Transformatio |       |     4 |     9 ||    13
Evoke: Wand              |       |       |     6 ||     6
  Use: Scroll            |       |     5 |    12 ||    17
       Potion            |       |       |     3 ||     3
 Stab: Sleeping          |     2 |     9 |     2 ||    13
  Eat: Chunk             |     1 |    14 |    15 ||    30

Vault maps used:
D:1:      dpeg_arrival_simpleton_a, serial_bayou_lagoon_a, minmay_vboxes
D:2:      lemuel_crystal_altar
D:3:      st_stairs_9
D:4:      makhleb_heckhound_becter, kennysheep_pointless_box
D:5:      beetle_altar_2, grunt_temple_overflow_bloody_war,
          minmay_temple_entry_statues_pillars, first_bread
D:6:      kennysheep_mini_moat, uniq_grinder
D:7:      serial_shops, shop, the_bakery, kennysheep_small_square
Temple:   circular_temple_12

Notes
Turn   | Place    | Note
--------------------------------------------------------------
     0 | D:1      | MarvinPA, the Octopode Transmuter, began the quest for the Orb.
     0 | D:1      | Reached XP level 1. HP: 13/13 MP: 3/3
   329 | D:1      | Reached XP level 2. HP: 13/18 MP: 2/4
   334 | D:1      | Learned a level 2 spell: Sticks to Snakes
   478 | D:1      | Reached skill level 3 in Transmutations
   562 | D:1      | Reached XP level 3. HP: 21/23 MP: 4/6
   581 | D:1      | Learned a level 3 spell: Spider Form
  1174 | D:2      | Reached XP level 4. HP: 28/28 MP: 1/7
  1226 | D:2      | Reached skill level 4 in Unarmed Combat
  1375 | D:2      | Found a sacrificial altar of Ru.
  1451 | D:2      | Became a worshipper of Ru the Awakened
  1527 | D:2      | Reached skill level 1 in Poison Magic
  2333 | D:3      | Reached XP level 5. HP: 33/33 MP: 5/9
  3151 | D:4      | Gained mutation: You are hated by all. [Ru sacrifice]
  3151 | D:4      | Acquired Ru's first power
  3211 | D:4      | Reached skill level 3 in Dodging
  3211 | D:4      | Reached XP level 6. HP: 17/38 MP: 7/10
  3498 | D:4      | Reached skill level 5 in Unarmed Combat
  3858 | D:4      | Found a burning altar of Makhleb.
  4030 | D:4      | Reached skill level 4 in Dodging
  4296 | D:5      | Entered Level 5 of the Dungeon
  4546 | D:5      | Reached XP level 7. HP: 36/43 MP: 8/12
  4704 | D:5      | Reached skill level 6 in Unarmed Combat
  4823 | D:5      | Reached skill level 5 in Dodging
  4943 | D:5      | Found a staircase to the Ecumenical Temple.
  4978 | Temple   | Entered the Ecumenical Temple
  5317 | D:5      | Reached skill level 2 in Fighting
  5498 | D:5      | Reached XP level 8. HP: 34/51 MP: 6/13
  5764 | D:5      | Gained mutation: You are slightly vulnerable to magic. [Ru sacrifice]
  5764 | D:5      | Acquired Ru's second power
  6025 | D:5      | Found an iron altar of Okawaru.
  6026 | D:5      | Found a bloodstained altar of Trog.
  6138 | D:5      | Found a snail-covered altar of Cheibriados.
  6493 | D:5      | Learned a level 4 spell: Ice Form
  6647 | D:6      | Reached skill level 4 in Transmutations
  6921 | D:6      | Reached skill level 3 in Spellcasting
  7047 | D:6      | Noticed Grinder
  7068 | D:6      | Killed Grinder
  7068 | D:6      | Reached skill level 5 in Transmutations
  7196 | D:6      | Reached skill level 4 in Spellcasting
  7508 | D:6      | Reached skill level 6 in Transmutations
  7508 | D:6      | Reached XP level 9. HP: 28/55 MP: 18/20
  7631 | D:6      | Reached skill level 5 in Spellcasting
  7798 | D:6      | Learned a level 5 spell: Blade Hands
  7799 | D:6      | Found a shimmering altar of Xom.
  7845 | D:6      | Reached skill level 3 in Fighting
  7923 | D:7      | Noticed a hill giant
  7937 | D:7      | Slain by a hill giant

Vanquished Creatures
  Grinder (D:6)
  2 sky beasts (D:6)
  2 ice beasts
  A phantom (D:6)
  A black bear (D:6)
  An ogre (D:5)
  A water moccasin zombie (D:5)
  A scorpion (D:4)
  2 hounds (D:4)
  A crimson imp (D:6)
  3 jellies
  5 orc priests
  A goliath beetle (D:5)
  A giant frog zombie (D:5)
  10 orc wizards
  A centaur skeleton (D:6)
  An iguana (D:4)
  5 worker ants
  2 hound skeletons
  2 worker ant zombies (D:5)
  A gnoll (D:5)
  6 adders
  A shadow imp (D:5)
  A giant mite (D:6)
  3 worms
  11 orcs
  19 bats
  13 goblins
  13 hobgoblins
  A quokka (D:2)
  3 ball pythons
  3 giant cockroaches
  4 giant newts
  12 jackals
  A jackal skeleton (D:4)
  13 kobolds
  8 rats
157 creatures vanquished.

Vanquished Creatures (collateral kills)
  An orc priest (D:3)
  A giant gecko (D:1)
  An orc (D:3)
  2 hobgoblins (D:1)
  2 giant newts (D:1)
  2 goblins (D:1)
  A rat (D:1)
10 creatures vanquished.

Grand Total: 167 creatures vanquished
